AoeStats
← dolt34

Arena

510689231Analyzed
1v1 RM · 9h ago on Oct 2, 2026· 31m 0s· 2 players
Game mode
Random Map
Map size
Tiny (2 player)
Population
200
Speed
Normal
Resources
Standard
Victory
Conquest
Starting age
Dark Age
Ending age
Imperial Age
RankedLock teamsTeams togetherTeam positionsShared explorationLock speedFull tech treeHidden civsTurbo modeCheats
Victory
Defeat
🇺🇸 Spanish · United States
1198
+15
🇨🇳 Khmer · China
1181
-15
养鱼的小太阳
10:48 Feudal Age
11:35 Loom
14:03 Castle Age
12:34 Double-Bit Axe
15:18 Town Watch
16:46 Husbandry
17:13 Horse Collar
19:07 Loom
dolt34
10:43 Feudal Age
14:13 Castle Age
12:15 Double-Bit Axe
12:56 Stone Mining
13:37 Horse Collar
16:15 Loom
22:53 Bow Saw
25:49 Town Watch
29:58 Imperial Age
28:06 Wheelbarrow
28:33 Fletching
28:45 Padded Archer Armor
28:50 Scale Barding Armor
30:10 Ballistics
29:48 Bodkin Arrow
31:52 Chemistry
31:27 Hand Cart
31:21 Bracer
Connection lost

Rejoining the realm…

Still unreachable

The connection could not be restored.

Session expired

The server has moved on; the page needs a fresh start.